Milwaukee Admirals vs Lake Erie Monsters

Created - 22 mars 2024 at 08:55

Goals
1 2 3 T
Milwaukee Admirals 1 0 2 3
Lake Erie Monsters 3 1 1 5
Shots
1 2 3 T
Milwaukee Admirals 8 10 18 36
Lake Erie Monsters 14 6 10 30

GoalsPenalties
1st period
1. Lake Erie Monsters , Blake Murray 12 (Oskar Steen 40, Kyle Rau 37) at 1:49
2. Lake Erie Monsters , Ryan Suzuki 93 (Mavrik Bourque 77, Turner Elson 72) at 2:27
3. Milwaukee Admirals , Andrew Agozzino 23 (Martin Kaut 61, Brandon Biro 57) at 9:01
4. Lake Erie Monsters , Oskar Steen 30 (Kyle Rau 38, Thomas Harley 1) at 19:41
Turner Elson (MST) for Fighting (Major) at 9:10
Andrew Agozzino (ADM) for Fighting (Major) at 9:10
2nd period
5. Lake Erie Monsters , Mavrik Bourque 46 (Will Bitten 67) at 8:04 (PP)
Tyler Tucker (MST) for Fighting (Major) at 0:16
Andrew Agozzino (ADM) for Fighting (Major) at 0:16
Ethen Frank (MST) for Fighting (Major) at 3:47
Brandon Biro (ADM) for Fighting (Major) at 3:47
Brandon Biro (ADM) for instigated a fight (Minor) at 3:47
Brandon Biro (ADM) for instigated a fight (10 Minutes Misconduct) at 3:47
Andrew Agozzino (ADM) for Holding (Minor) at 6:54
Ryan Suzuki (MST) for Fighting (Major) at 9:25
Nolan Yaremko (ADM) for Fighting (Major) at 9:25
Henri Nikkanen (MST) for Fighting (Major) at 9:38
Axel Jonsson-Fjallby (ADM) for Fighting (Major) at 9:38
Henri Nikkanen (MST) for instigated a fight (Minor) at 9:38
Henri Nikkanen (MST) for instigated and being the aggresor in a fight (20 Minutes Game Misconduct) at 9:38
Scott Sabourin (ADM) for Interference (Minor) at 13:20
3rd period
6. Lake Erie Monsters , Tyler Sikura 26 (Will Bitten 68, Ryan Suzuki 110) at 7:40 (PP)
7. Milwaukee Admirals , Andrew Agozzino 24 (Martin Kaut 62) at 16:52 (SH)
8. Milwaukee Admirals , Andrew Agozzino 25 (Martin Kaut 63, Nils Lundkvist 46) at 17:00 (SH)
Scott Sabourin (ADM) for Roughing (Minor) at 6:22
Thomas Harley (MST) for Fighting (Major) at 7:41
Connor Mackey (ADM) for Fighting (Major) at 7:41
Tyler Tucker (MST) for Fighting (Major) at 15:50
Tristen Robins (ADM) for Fighting (Major) at 15:50
Gabriel Dumont (MST) for Fighting (Major) at 16:02
Connor Mackey (ADM) for Fighting (Major) at 16:02
Connor Mackey (ADM) for instigated a fight (Minor) at 16:02
Connor Mackey (ADM) for instigated and being the aggresor in a fight (20 Minutes Game Misconduct) at 16:02
Goalie Stats
Matt Murray (ADM), 14 saves from 18 shots - (0,778), L, 1-6-1, 28:04 minutes
Michael Hutchinson (ADM), 11 saves from 12 shots - (0,917), 31:56 minutes
Daniil Tarasov (MST), 33 saves from 36 shots - (0,917), W, 24-7-1, 60:00 minutes
3 StarsOfficial
1 - Martin Kaut (ADM)
2 - Oskar Steen (MST)
3 - Kyle Rau (MST)
Referees : Garrett Rank and Mike Sheehan
Linesman : Derek Nansen and Tony Sericolo
Game Note
Turner Elson and Andrew Agozzino fight to a draw at 9:10 of 1st period
Tyler Tucker beats up Andrew Agozzino at 0:16 of 2nd period
Ethen Frank and Brandon Biro fight to a draw at 3:47 of 2nd period
Michael Hutchinson enters game at 8:04 of 2nd period
Nolan Yaremko beats up Ryan Suzuki at 9:25 of 2nd period
Henri Nikkanen and Axel Jonsson-Fjallby fight to a draw at 9:38 of 2nd period
Henri Nikkanen (MST) for instigated and being the aggresor in a fight (20 Minutes Game Misconduct) at 9:38
Henri Nikkanen ejected from game at 9:38 of 2nd period
Connor Mackey beats up Thomas Harley at 7:41 of 3rd period
Tyler Tucker beats up Tristen Robins at 15:50 of 3rd period
Gabriel Dumont and Connor Mackey fight to a draw at 16:02 of 3rd period
Connor Mackey (ADM) for instigated and being the aggresor in a fight (20 Minutes Game Misconduct) at 16:02
Connor Mackey ejected from game at 16:02 of 3rd period
Connor Mackey from Milwaukee Admirals is suspended for 2 game(s)
Andrew Agozzino has scored a Hat Trick!
Finance
Level 1 -- Attendance: 1814 (90,70%) -- Ticket Income $54,420
Level 2 -- Attendance: 946 (94,60%) -- Ticket Income $9,460
Total Attendance: 2760 (92,00%)
Total Ticket Income: $63,880
Other Income: $31,301
Total Income: $95,181



Team Name Goals Shots Shots Attemp Shots Blocked PIM HIT PP PK FO%
Milwaukee Admirals 336751280210 / 1 (0%)251%
Lake Erie Monsters 530601462182 / 5 (40%)049%

Milwaukee Admirals
Player Name POS G A P +/- PIM HIT SHT SB MP PP MP PP SHT PK MP PK SHT FO% FOT GA TA
Andrew AgozzinoC30311207221:311:1303:47249% 3510
Axel Jonsson-FjallbyLW0000533114:000:0000:1600% 210
Brandon BiroLW01111723014:470:0001:0700% 010
Brayden TraceyC/LW000-200008:230:5200:00050% 200
Brian HalonenLW000-200107:330:0000:00050% 201
Calle SjalinD000000004:120:0000:0000% 000
Connor MackeyD000-13201120:171:0003:5500% 002
Jamieson ReesC0000012016:030:0903:05260% 520
Jordan GrossD0000001020:200:5903:0100% 011
Joseph GambardellaLW000-1034015:401:0700:0000% 000
Martin KautRW0333036121:250:5704:442100% 400
Mikko KokkonenD0001010013:470:0001:2900% 000
Nils LundkvistD0111043228:181:0005:2410% 012
Nolan YaremkoLW000050017:550:0001:3700% 500
Scott SabourinRW000-1431015:561:0200:000100% 110
Steven KampferD0000002220:200:5903:0100% 000
Taylor FedunD000-1000112:440:0000:0000% 000
Tristen RobinsC000-1512116:490:3702:26064% 1100
Tuukka TieksolaRW0000000011:360:0000:0000% 000
Lake Erie Monsters
Player Name POS G A P +/- PIM HIT SHT SB MP PP MP PP SHT PK MP PK SHT FO% FOT GA TA
Blake MurrayC1011002014:191:3700:00050% 200
Brandon BaddockLW000001118:080:0000:0000% 000
Ethen FrankC000-1515120:363:0210:480100% 101
Gabriel DumontC/RW0001502017:270:4100:0000% 100
Henri NikkanenC0000271006:571:1100:0000% 301
Jimmy SchuldtD0000010120:582:5000:5400% 002
Joe HickettsD0000000020:382:2500:0000% 000
Kyle RauC/LW0222030013:313:4700:440100% 100
Matthew RobertsonD0000000016:060:0000:5400% 000
Mavrik BourqueC112-3014317:554:1910:00032% 1911
Oskar SteenC1122011013:440:1901:11050% 1010
Ronan SeeleyD0000001212:530:0000:0000% 010
Ryan SuzukiC11215010020:213:2520:00067% 2700
Thomas HarleyD0110511124:305:3501:0500% 001
Turner ElsonLW011-1530015:140:1901:1500% 201
Tyler SikuraC/LW1010022011:523:4710:0000% 010
Tyler TuckerD00011030422:043:1001:0500% 000
Will BittenC/RW022-3001120:405:3800:000100% 121

Milwaukee Admirals

5 vs 5 Forward
Line #Left WingCenterRight WingPHYDFOFWanted %Time %Time Play
1Brandon BiroAndrew AgozzinoMartin Kaut1224033%16:28
2Joseph GambardellaTristen RobinsScott Sabourin1223030%14:39
3Axel Jonsson-FjallbyJamieson ReesTuukka Tieksola1222023%11:30
4Brian HalonenBrayden TraceyAndrew Agozzino1221014%6:59
5 vs 5 Defense
Line #DefenseDefensePHYDFOFWanted %Time %Time Play
1Nils LundkvistConnor Mackey1224038%19:00
2Jordan GrossSteven Kampfer1223033%16:20
3Taylor FedunMikko Kokkonen1222021%10:29
4Calle SjalinNils Lundkvist122108%3:47
Power Play Forward
Line #Left WingCenterRight WingPHYDFOFWanted %Time %Time Play
1Brandon BiroAndrew AgozzinoMartin Kaut1226069%1:22
2Joseph GambardellaTristen RobinsScott Sabourin1224031%0:37
Power Play Defense
Line #DefenseDefensePHYDFOFWanted %Time %Time Play
1Nils LundkvistConnor Mackey1226050%1:00
2Jordan GrossSteven Kampfer1224050%0:59
Penalty Kill 4 Players Forward
Line #CenterWingPHYDFOFWanted %Time %Time Play
1Andrew AgozzinoMartin Kaut1226076%6:25
2Brandon BiroTristen Robins1224024%2:00
Penalty Kill 4 Players Defense
Line #DefenseDefensePHYDFOFWanted %Time %Time Play
1Nils LundkvistConnor Mackey1226064%5:24
2Jordan GrossSteven Kampfer1224036%3:01
Penalty Kill 3 Players
Line #WingPHYDFOFWanted %Time %Time PlayDefenseDefensePHYDFOFWanted %Time %Time Play
1Andrew Agozzino122600%0:00 Nils LundkvistConnor Mackey122600%0:00
2Martin Kaut122400%0:00 Jordan GrossSteven Kampfer122400%0:00
4 vs 4 Forward
Line #CenterWingPHYDFOFWanted %Time %Time Play
1Andrew AgozzinoMartin Kaut122600%0:00
2Brandon BiroTristen Robins122400%0:00
4 vs 4 Defense
Line #DefensePHYDFOFWanted %Time %Time Play
1Nils LundkvistConnor Mackey122600%0:00
2Jordan GrossSteven Kampfer122400%0:00
Last Minutes Offensive
Left WingCenterRight WingDefenseDefense
Brandon BiroAndrew AgozzinoMartin KautNils LundkvistConnor Mackey
Last Minutes Defensive
Left WingCenterRight WingDefenseDefense
Brandon BiroAndrew AgozzinoMartin KautNils LundkvistConnor Mackey
Time
Total ForwardTotal DefenseLast Minutes OffensiveLast Minutes Defensive
60:00 60:00 0:000:00
Extra Forwards
Normal PowerPlayPenalty Kill
Nolan Yaremko, Axel Jonsson-Fjallby, Jamieson ReesNolan Yaremko, Axel Jonsson-FjallbyJamieson Rees
Extra Defensemen
Normal PowerPlayPenalty Kill
Taylor Fedun, Mikko Kokkonen, Calle SjalinTaylor Fedun, Mikko KokkonenCalle Sjalin
Penalty Shots
Andrew Agozzino, Martin Kaut, Brandon Biro, Tristen Robins, Joseph Gambardella
Goalie
Matt Murray, Michael Hutchinson
Scratches
Quinn Wichers (Healthy), Evan Weinger (Healthy), Felix Sandstrom (Healthy), Isaiah Saville (Healthy)

Lake Erie Monsters

5 vs 5 Forward
Line #Left WingCenterRight WingPHYDFOFWanted %Time %Time Play
1Ethen FrankRyan SuzukiGabriel Dumont1134039%19:11
2Turner ElsonMavrik BourqueWill Bitten1133028%13:42
3Kyle RauOskar SteenBlake Murray1222017%8:35
4Tyler SikuraHenri NikkanenBrandon Baddock2211016%8:08
5 vs 5 Defense
Line #DefenseDefensePHYDFOFWanted %Time %Time Play
1Thomas HarleyTyler Tucker1224041%20:14
2Jimmy SchuldtJoe Hicketts1223433%16:20
3Matthew RobertsonRonan Seeley1222626%12:53
4Joe HickettsTyler Tucker12200%0:09
Power Play Forward
Line #Left WingCenterRight WingPHYDFOFWanted %Time %Time Play
1Ethen FrankMavrik BourqueWill Bitten1046055%4:38
2Kyle RauRyan SuzukiTyler Sikura1044045%3:47
Power Play Defense
Line #DefenseDefensePHYDFOFWanted %Time %Time Play
1Thomas HarleyTyler Tucker0146066%5:35
2Jimmy SchuldtWill Bitten0144034%2:50
Penalty Kill 4 Players Forward
Line #CenterWingPHYDFOFWanted %Time %Time Play
1Henri NikkanenTurner Elson13160100%1:59
2Ryan SuzukiKyle Rau131400%0:00
Penalty Kill 4 Players Defense
Line #DefenseDefensePHYDFOFWanted %Time %Time Play
1Thomas HarleyTyler Tucker1406055%1:05
2Jimmy SchuldtMatthew Robertson1404045%0:54
Penalty Kill 3 Players
Line #WingPHYDFOFWanted %Time %Time PlayDefenseDefensePHYDFOFWanted %Time %Time Play
1Oskar Steen140600%0:00 Joe HickettsMatthew Robertson140600%0:00
2Turner Elson140400%0:00 Jimmy SchuldtTyler Tucker140400%0:00
4 vs 4 Forward
Line #CenterWingPHYDFOFWanted %Time %Time Play
1Mavrik BourqueTurner Elson122600%0:00
2Ryan SuzukiMavrik Bourque122400%0:00
4 vs 4 Defense
Line #DefensePHYDFOFWanted %Time %Time Play
1Thomas HarleyTyler Tucker122600%0:00
2Matthew RobertsonJoe Hicketts122400%0:00
Last Minutes Offensive
Left WingCenterRight WingDefenseDefense
Ryan SuzukiEthen FrankMavrik BourqueThomas HarleyWill Bitten
Last Minutes Defensive
Left WingCenterRight WingDefenseDefense
Turner ElsonRyan SuzukiWill BittenThomas HarleyTyler Tucker
Time
Total ForwardTotal DefenseLast Minutes OffensiveLast Minutes Defensive
60:00 60:00 0:000:00
Extra Forwards
Normal PowerPlayPenalty Kill
Henri Nikkanen, Blake Murray, Oskar SteenHenri Nikkanen, Blake MurrayOskar Steen
Extra Defensemen
Normal PowerPlayPenalty Kill
Joe Hicketts, Matthew Robertson, Thomas HarleyJoe Hicketts, Matthew RobertsonJimmy Schuldt
Penalty Shots
Ethen Frank, Turner Elson, Ryan Suzuki, Mavrik Bourque, Oskar Steen
Goalie
Daniil Tarasov, Rejean Lemelin
Scratches
Eduards Tralmaks (Healthy), Zackary Hayes (Healthy), Mitchell Vande Sompel (Healthy), Marshall Rifai (Healthy), Matthew Rempe (Healthy) Danila Zhuravlyov (Healthy)


Play-by-Play

1st period


0:01 of 1st period - Ryan Suzuki wins face-off versus Andrew Agozzino in neutral zone.
0:26 of 1st period - Mavrik Bourque is hit by Nils Lundkvist and loses puck.
0:31 of 1st period - Slapshot by Tristen Robins.
0:31 of 1st period - Shot Misses the Net.
0:33 of 1st period - Slapshot by Jordan Gross.
0:33 of 1st period - Stopped by Daniil Tarasov without a rebound.
0:34 of 1st period - Oskar Steen wins face-off versus Jamieson Rees in Lake Erie Monsters zone.
0:44 of 1st period - Snap shot by Kyle Rau.
0:44 of 1st period - Shot Blocked by Axel Jonsson-Fjallby.
0:50 of 1st period - Wrist shot by Oskar Steen.
0:50 of 1st period - Shot Misses the Net.
1:09 of 1st period - Wrist shot by Tyler Sikura.
1:09 of 1st period - Stopped by Matt Murray without a rebound.
1:10 of 1st period - Ryan Suzuki wins face-off versus Brayden Tracey in Milwaukee Admirals zone.
1:13 of 1st period - Slapshot by Gabriel Dumont.
1:13 of 1st period - Stopped by Matt Murray without a rebound.
1:14 of 1st period - Ryan Suzuki wins face-off versus Brian Halonen in Milwaukee Admirals zone.
1:47 of 1st period - Snap shot by Oskar Steen.
1:47 of 1st period - Shot Misses the Net.
1:49 of 1st period - Wrist shot by Blake Murray.
1:49 of 1st period - Goal by Blake Murray - Milwaukee Admirals : 0 - Lake Erie Monsters : 1.
1:50 of 1st period - Andrew Agozzino wins face-off versus Mavrik Bourque in neutral zone.
1:57 of 1st period - Wrist shot by Brandon Biro.
1:57 of 1st period - Stopped by Daniil Tarasov with a rebound.
2:27 of 1st period - Snap shot by Ryan Suzuki.
2:27 of 1st period - Goal by Ryan Suzuki - Milwaukee Admirals : 0 - Lake Erie Monsters : 2.
2:28 of 1st period - Andrew Agozzino wins face-off versus Ryan Suzuki in neutral zone.
2:59 of 1st period - Off-side.
3:00 of 1st period - Tristen Robins wins face-off versus Mavrik Bourque in neutral zone.
3:05 of 1st period - Slapshot by Scott Sabourin.
3:05 of 1st period - Shot Misses the Net.
3:07 of 1st period - Snap shot by Joseph Gambardella.
3:07 of 1st period - Shot Blocked by Mavrik Bourque.
3:10 of 1st period - Icing by Thomas Harley.
3:11 of 1st period - Mavrik Bourque wins face-off versus Andrew Agozzino in Lake Erie Monsters zone.
3:18 of 1st period - Wrist shot by Brandon Biro.
3:18 of 1st period - Shot Blocked by Mavrik Bourque.
3:20 of 1st period - Slapshot by Steven Kampfer.
3:20 of 1st period - Shot Misses the Net.
3:22 of 1st period - Slapshot by Steven Kampfer.
3:22 of 1st period - Shot Blocked by Tyler Tucker.
3:24 of 1st period - Slapshot by Steven Kampfer.
3:24 of 1st period - Deflect By Brandon Biro.
3:24 of 1st period - Stopped by Daniil Tarasov with a rebound.
3:57 of 1st period - Off-side.
3:58 of 1st period - Jamieson Rees wins face-off versus Oskar Steen in neutral zone.
4:30 of 1st period - Snap shot by Gabriel Dumont.
4:30 of 1st period - Shot Hit the Post.
4:32 of 1st period - Snap shot by Ethen Frank.
4:32 of 1st period - Stopped by Matt Murray with a rebound.
4:34 of 1st period - Backhand shot by Ethen Frank.
4:34 of 1st period - Deflect By Ryan Suzuki.
4:34 of 1st period - Shot Misses the Net.
4:34 of 1st period - Puck is out of play.
4:35 of 1st period - Andrew Agozzino wins face-off versus Henri Nikkanen in Milwaukee Admirals zone.
4:46 of 1st period - Slapshot by Martin Kaut.
4:46 of 1st period - Shot Misses the Net.
4:48 of 1st period - Slapshot by Jordan Gross.
4:48 of 1st period - Shot Misses the Net.
4:50 of 1st period - Snap shot by Andrew Agozzino.
4:50 of 1st period - Shot Misses the Net.
5:41 of 1st period - Snap shot by Mavrik Bourque.
5:41 of 1st period - Stopped by Matt Murray without a rebound.
5:42 of 1st period - Tristen Robins wins face-off versus Ryan Suzuki in Milwaukee Admirals zone.
5:55 of 1st period - Snap shot by Ethen Frank.
5:55 of 1st period - Stopped by Matt Murray without a rebound.
5:56 of 1st period - Andrew Agozzino wins face-off versus Mavrik Bourque in Milwaukee Admirals zone.
6:07 of 1st period - Slapshot by Martin Kaut.
6:07 of 1st period - Shot Misses the Net.
7:59 of 1st period - Snap shot by Gabriel Dumont.
7:59 of 1st period - Deflect By Ryan Suzuki.
7:59 of 1st period - Shot Misses the Net.
7:59 of 1st period - Puck is out of play.
8:00 of 1st period - Ryan Suzuki wins face-off versus Axel Jonsson-Fjallby in Milwaukee Admirals zone.
8:03 of 1st period - Wrist shot by Ethen Frank.
8:03 of 1st period - Stopped by Matt Murray without a rebound.
8:04 of 1st period - Jamieson Rees wins face-off versus Ryan Suzuki in Milwaukee Admirals zone.
8:17 of 1st period - Snap shot by Ryan Suzuki.
8:17 of 1st period - Stopped by Matt Murray with a rebound.
8:38 of 1st period - Backhand shot by Jamieson Rees.
8:38 of 1st period - Shot Blocked by Ethen Frank.
8:40 of 1st period - Slapshot by Mikko Kokkonen.
8:40 of 1st period - Shot Misses the Net.
8:42 of 1st period - Slapshot by Taylor Fedun.
8:42 of 1st period - Shot Misses the Net.
8:44 of 1st period - Snap shot by Axel Jonsson-Fjallby.
8:44 of 1st period - Shot Misses the Net.
8:46 of 1st period - Snap shot by Axel Jonsson-Fjallby.
8:46 of 1st period - Shot Misses the Net.
8:48 of 1st period - Snap shot by Jamieson Rees.
8:48 of 1st period - Shot Blocked by Thomas Harley.
8:50 of 1st period - Slapshot by Axel Jonsson-Fjallby.
8:50 of 1st period - Stopped by Daniil Tarasov without a rebound.
8:51 of 1st period - Andrew Agozzino wins face-off versus Mavrik Bourque in Lake Erie Monsters zone.
8:59 of 1st period - Snap shot by Martin Kaut.
8:59 of 1st period - Shot Blocked by Ronan Seeley.
9:01 of 1st period - Snap shot by Andrew Agozzino.
9:01 of 1st period - Goal by Andrew Agozzino - Milwaukee Admirals : 1 - Lake Erie Monsters : 2.
9:02 of 1st period - Andrew Agozzino wins face-off versus Mavrik Bourque in neutral zone.
9:09 of 1st period - Wrist shot by Andrew Agozzino.
9:09 of 1st period - Stopped by Daniil Tarasov with a rebound.
9:10 of 1st period - Turner Elson and Andrew Agozzino fight to a draw.
9:10 of 1st period - Penalty to Turner Elson for Fighting.
9:10 of 1st period - Penalty to Andrew Agozzino for Fighting.
9:11 of 1st period - Oskar Steen wins face-off versus Nolan Yaremko in Lake Erie Monsters zone.
9:16 of 1st period - Slapshot by Kyle Rau.
9:16 of 1st period - Shot Misses the Net.
9:18 of 1st period - Slapshot by Ronan Seeley.
9:18 of 1st period - Deflect By Martin Kaut.
9:18 of 1st period - Stopped by Matt Murray with a rebound.
9:20 of 1st period - Wrist shot by Kyle Rau.
9:20 of 1st period - Shot Blocked by Nolan Yaremko.
9:42 of 1st period - Snap shot by Mavrik Bourque.
9:42 of 1st period - Shot Misses the Net.
10:26 of 1st period - Axel Jonsson-Fjallby is hit by Brandon Baddock and loses puck.
11:35 of 1st period - Slapshot by Martin Kaut.
11:35 of 1st period - Stopped by Daniil Tarasov without a rebound.
11:36 of 1st period - Ryan Suzuki wins face-off versus Axel Jonsson-Fjallby in Lake Erie Monsters zone.
11:36 of 1st period - Ryan Suzuki is hit by Brandon Biro.
12:08 of 1st period - Will Bitten is hit by Axel Jonsson-Fjallby and loses puck.
12:21 of 1st period - Kyle Rau is hit by Joseph Gambardella and loses puck.
12:46 of 1st period - Slapshot by Ethen Frank.
12:46 of 1st period - Shot Misses the Net.
13:34 of 1st period - Brian Halonen is hit by Kyle Rau and loses puck.
14:07 of 1st period - Snap shot by Scott Sabourin.
14:07 of 1st period - Shot Blocked by Tyler Tucker.
14:09 of 1st period - Slapshot by Connor Mackey.
14:09 of 1st period - Shot Blocked by Tyler Tucker.
14:11 of 1st period - Slapshot by Nils Lundkvist.
14:11 of 1st period - Stopped by Daniil Tarasov without a rebound.
14:12 of 1st period - Ryan Suzuki wins face-off versus Tristen Robins in Lake Erie Monsters zone.
14:21 of 1st period - Snap shot by Ryan Suzuki.
14:21 of 1st period - Shot Blocked by Tristen Robins.
14:37 of 1st period - Ronan Seeley is hit by Brandon Biro.
16:00 of 1st period - Slapshot by Thomas Harley.
16:00 of 1st period - Stopped by Matt Murray with a rebound.
16:08 of 1st period - Jordan Gross is hit by Thomas Harley.
16:09 of 1st period - Icing by Jordan Gross.
16:10 of 1st period - Brayden Tracey wins face-off versus Ryan Suzuki in Milwaukee Admirals zone.
16:36 of 1st period - Andrew Agozzino is hit by Mavrik Bourque and loses puck.
16:43 of 1st period - Wrist shot by Will Bitten.
16:43 of 1st period - Shot Misses the Net.
16:45 of 1st period - Snap shot by Mavrik Bourque.
16:45 of 1st period - Stopped by Matt Murray without a rebound.
16:46 of 1st period - Tristen Robins wins face-off versus Oskar Steen in Milwaukee Admirals zone.
19:37 of 1st period - Wrist shot by Kyle Rau.
19:37 of 1st period - Shot Blocked by Andrew Agozzino.
19:41 of 1st period - Wrist shot by Oskar Steen.
19:41 of 1st period - Goal by Oskar Steen - Milwaukee Admirals : 1 - Lake Erie Monsters : 3.
19:42 of 1st period - Andrew Agozzino wins face-off versus Ryan Suzuki in neutral zone.
19:48 of 1st period - Off-side.
19:49 of 1st period - Andrew Agozzino wins face-off versus Ryan Suzuki in neutral zone.
19:58 of 1st period - Snap shot by Ryan Suzuki.
19:58 of 1st period - Stopped by Matt Murray without a rebound.
19:59 of 1st period - Ryan Suzuki wins face-off versus Andrew Agozzino in Milwaukee Admirals zone.
Goals for this period are 1 for Milwaukee Admirals vs 3 for Lake Erie Monsters.
Shots for this period are 8 for Milwaukee Admirals vs 14 for Lake Erie Monsters.

2nd period


0:01 of 2nd period - Ryan Suzuki wins face-off versus Andrew Agozzino in neutral zone.
0:06 of 2nd period - Martin Kaut is hit by Tyler Tucker and loses puck.
0:15 of 2nd period - Wrist shot by Martin Kaut.
0:15 of 2nd period - Shot Misses the Net.
0:16 of 2nd period - Tyler Tucker beats up Andrew Agozzino.
0:16 of 2nd period - Penalty to Tyler Tucker for Fighting.
0:16 of 2nd period - Penalty to Andrew Agozzino for Fighting.
0:17 of 2nd period - Ryan Suzuki wins face-off versus Nolan Yaremko in Lake Erie Monsters zone.
0:17 of 2nd period - Ryan Suzuki is hit by Nils Lundkvist.
0:27 of 2nd period - Wrist shot by Ryan Suzuki.
0:27 of 2nd period - Shot Blocked by Nils Lundkvist.
0:43 of 2nd period - Joe Hicketts is hit by Axel Jonsson-Fjallby.
1:01 of 2nd period - Wrist shot by Ryan Suzuki.
1:01 of 2nd period - Stopped by Matt Murray with a rebound.
1:03 of 2nd period - Wrist shot by Ryan Suzuki.
1:03 of 2nd period - Stopped by Matt Murray without a rebound.
1:04 of 2nd period - Mavrik Bourque wins face-off versus Nolan Yaremko in Milwaukee Admirals zone.
1:05 of 2nd period - Snap shot by Will Bitten.
1:05 of 2nd period - Shot Blocked by Taylor Fedun.
1:54 of 2nd period - Jordan Gross is hit by Henri Nikkanen and loses puck.
2:11 of 2nd period - Will Bitten is hit by Axel Jonsson-Fjallby and loses puck.
2:36 of 2nd period - Slapshot by Scott Sabourin.
2:36 of 2nd period - Stopped by Daniil Tarasov with a rebound.
2:38 of 2nd period - Slapshot by Steven Kampfer.
2:38 of 2nd period - Shot Misses the Net.
2:40 of 2nd period - Slapshot by Steven Kampfer.
2:40 of 2nd period - Stopped by Daniil Tarasov with a rebound.
2:56 of 2nd period - Icing by Axel Jonsson-Fjallby.
2:57 of 2nd period - Brian Halonen wins face-off versus Oskar Steen in Milwaukee Admirals zone.
3:18 of 2nd period - Wrist shot by Brian Halonen.
3:18 of 2nd period - Stopped by Daniil Tarasov with a rebound.
3:20 of 2nd period - Snap shot by Brian Halonen.
3:20 of 2nd period - Shot Misses the Net.
3:27 of 2nd period - Slapshot by Axel Jonsson-Fjallby.
3:27 of 2nd period - Stopped by Daniil Tarasov without a rebound.
3:28 of 2nd period - Ryan Suzuki wins face-off versus Nolan Yaremko in Lake Erie Monsters zone.
3:36 of 2nd period - Off-side.
3:37 of 2nd period - Ryan Suzuki wins face-off versus Nolan Yaremko in neutral zone.
3:47 of 2nd period - Ethen Frank and Brandon Biro fight to a draw.
3:47 of 2nd period - Penalty to Ethen Frank for Fighting.
3:47 of 2nd period - Penalty to Brandon Biro for Fighting.
3:47 of 2nd period - Penalty to Brandon Biro for instigated a fight.
3:47 of 2nd period - Penalty to Brandon Biro for instigated a fight.
3:48 of 2nd period - Martin Kaut wins face-off versus Mavrik Bourque in Milwaukee Admirals zone.
3:53 of 2nd period - Wrist shot by Martin Kaut.
3:53 of 2nd period - Stopped by Daniil Tarasov with a rebound.
4:15 of 2nd period - Nils Lundkvist is hit by Kyle Rau and loses puck.
5:16 of 2nd period - Penalty to Andrew Agozzino is over, Andrew Agozzino is back on ice.
5:47 of 2nd period - Penalty to Brandon Biro is over, Scott Sabourin is send on ice.
6:20 of 2nd period - Ronan Seeley is hit by Jamieson Rees and loses puck.
6:35 of 2nd period - Jimmy Schuldt is hit by Scott Sabourin and loses puck.
6:46 of 2nd period - Wrist shot by Mavrik Bourque.
6:46 of 2nd period - Shot Misses the Net.
6:48 of 2nd period - Wrist shot by Kyle Rau.
6:48 of 2nd period - Shot Misses the Net.
6:54 of 2nd period - Minor Penalty to Andrew Agozzino for Holding.
6:55 of 2nd period - Martin Kaut wins face-off versus Mavrik Bourque in Milwaukee Admirals zone.
7:36 of 2nd period - Wrist shot by Nolan Yaremko.
7:36 of 2nd period - Shot Misses the Net.
7:39 of 2nd period - Icing by Will Bitten.
7:40 of 2nd period - Kyle Rau wins face-off versus Tristen Robins in Lake Erie Monsters zone.
7:45 of 2nd period - Tristen Robins is hit by Jimmy Schuldt and loses puck.
7:56 of 2nd period - Wrist shot by Ryan Suzuki.
7:56 of 2nd period - Stopped by Matt Murray without a rebound.
7:57 of 2nd period - Mavrik Bourque wins face-off versus Jamieson Rees in Milwaukee Admirals zone.
8:04 of 2nd period - Snap shot by Mavrik Bourque.
8:04 of 2nd period - Goal by Mavrik Bourque - Milwaukee Admirals : 1 - Lake Erie Monsters : 4.
8:04 of 2nd period - Michael Hutchinson enters game.
8:05 of 2nd period - Andrew Agozzino wins face-off versus Henri Nikkanen in neutral zone.
8:14 of 2nd period - Slapshot by Martin Kaut.
8:14 of 2nd period - Stopped by Daniil Tarasov without a rebound.
8:15 of 2nd period - Ryan Suzuki wins face-off versus Andrew Agozzino in Lake Erie Monsters zone.
8:37 of 2nd period - Snap shot by Ryan Suzuki.
8:37 of 2nd period - Stopped by Michael Hutchinson without a rebound.
8:38 of 2nd period - Tristen Robins wins face-off versus Turner Elson in Milwaukee Admirals zone.
8:51 of 2nd period - Snap shot by Joseph Gambardella.
8:51 of 2nd period - Shot Blocked by Will Bitten.
8:53 of 2nd period - Snap shot by Joseph Gambardella.
8:53 of 2nd period - Stopped by Daniil Tarasov with a rebound.
9:25 of 2nd period - Nolan Yaremko beats up Ryan Suzuki.
9:25 of 2nd period - Penalty to Ryan Suzuki for Fighting.
9:25 of 2nd period - Penalty to Nolan Yaremko for Fighting.
9:26 of 2nd period - Andrew Agozzino wins face-off versus Henri Nikkanen in neutral zone.
9:31 of 2nd period - Slapshot by Martin Kaut.
9:31 of 2nd period - Stopped by Daniil Tarasov with a rebound.
9:33 of 2nd period - Wrist shot by Martin Kaut.
9:33 of 2nd period - Shot Misses the Net.
9:35 of 2nd period - Snap shot by Andrew Agozzino.
9:35 of 2nd period - Stopped by Daniil Tarasov with a rebound.
9:37 of 2nd period - Wrist shot by Andrew Agozzino.
9:37 of 2nd period - Shot Misses the Net.
9:38 of 2nd period - Henri Nikkanen and Axel Jonsson-Fjallby fight to a draw.
9:38 of 2nd period - Penalty to Henri Nikkanen for Fighting.
9:38 of 2nd period - Penalty to Axel Jonsson-Fjallby for Fighting.
9:38 of 2nd period - Penalty to Henri Nikkanen for instigated a fight.
9:38 of 2nd period - Penalty to Henri Nikkanen for instigated and being the aggresor in a fight.
9:38 of 2nd period - Henri Nikkanen is ejected from game.
9:39 of 2nd period - Oskar Steen wins face-off versus Andrew Agozzino in Lake Erie Monsters zone.
11:20 of 2nd period - Icing by Steven Kampfer.
11:21 of 2nd period - Oskar Steen wins face-off versus Andrew Agozzino in Milwaukee Admirals zone.
11:38 of 2nd period - Penalty to Henri Nikkanen is over, Will Bitten is send on ice.
12:04 of 2nd period - Snap shot by Will Bitten.
12:04 of 2nd period - Stopped by Michael Hutchinson with a rebound.
13:01 of 2nd period - Icing by Tuukka Tieksola.
13:02 of 2nd period - Andrew Agozzino wins face-off versus Gabriel Dumont in Milwaukee Admirals zone.
13:20 of 2nd period - Minor Penalty to Scott Sabourin for Interference.
13:21 of 2nd period - Mavrik Bourque wins face-off versus Andrew Agozzino in Milwaukee Admirals zone.
13:21 of 2nd period - Snap shot by Will Bitten.
13:21 of 2nd period - Shot Blocked by Andrew Agozzino.
13:33 of 2nd period - Slapshot by Nils Lundkvist.
13:33 of 2nd period - Stopped by Daniil Tarasov with a rebound.
14:13 of 2nd period - Jordan Gross is hit by Ethen Frank and loses puck.
14:25 of 2nd period - Penalty to Nolan Yaremko is over, Nolan Yaremko is back on ice.
14:38 of 2nd period - Penalty to Axel Jonsson-Fjallby is over, Axel Jonsson-Fjallby is back on ice.
15:10 of 2nd period - Icing by Ryan Suzuki.
15:11 of 2nd period - Ryan Suzuki wins face-off versus Andrew Agozzino in Lake Erie Monsters zone.
15:20 of 2nd period - Penalty to Scott Sabourin is over, Scott Sabourin is back on ice.
15:46 of 2nd period - Gabriel Dumont is hit by Mikko Kokkonen and loses puck.
16:07 of 2nd period - Wrist shot by Andrew Agozzino.
16:07 of 2nd period - Shot Blocked by Brandon Baddock.
16:46 of 2nd period - Brandon Baddock is hit by Joseph Gambardella and loses puck.
17:05 of 2nd period - Nolan Yaremko is hit by Oskar Steen and loses puck.
17:48 of 2nd period - Taylor Fedun is hit by Tyler Tucker.
18:16 of 2nd period - Tyler Tucker is hit by Tristen Robins and loses puck.
18:31 of 2nd period - Snap shot by Turner Elson.
18:31 of 2nd period - Shot Misses the Net.
18:47 of 2nd period - 10 Minutes Misconduct Penalty to Brandon Biro is over.
Goals for this period are 0 for Milwaukee Admirals vs 1 for Lake Erie Monsters.
Shots for this period are 10 for Milwaukee Admirals vs 6 for Lake Erie Monsters.

3rd period


0:01 of 3rd period - Andrew Agozzino wins face-off versus Mavrik Bourque in neutral zone.
0:06 of 3rd period - Snap shot by Andrew Agozzino.
0:06 of 3rd period - Stopped by Daniil Tarasov with a rebound.
0:08 of 3rd period - Backhand shot by Connor Mackey.
0:08 of 3rd period - Stopped by Daniil Tarasov with a rebound.
0:12 of 3rd period - Wrist shot by Martin Kaut.
0:12 of 3rd period - Stopped by Daniil Tarasov with a rebound.
0:26 of 3rd period - Ethen Frank is hit by Joseph Gambardella and loses puck.
0:34 of 3rd period - Off-side.
0:35 of 3rd period - Ryan Suzuki wins face-off versus Andrew Agozzino in neutral zone.
0:38 of 3rd period - Snap shot by Ethen Frank.
0:38 of 3rd period - Stopped by Michael Hutchinson with a rebound.
0:46 of 3rd period - Wrist shot by Ryan Suzuki.
0:46 of 3rd period - Stopped by Michael Hutchinson with a rebound.
0:48 of 3rd period - Slapshot by Joe Hicketts.
0:48 of 3rd period - Shot Blocked by Steven Kampfer.
1:08 of 3rd period - Snap shot by Joseph Gambardella.
1:08 of 3rd period - Stopped by Daniil Tarasov with a rebound.
1:10 of 3rd period - Slapshot by Jordan Gross.
1:10 of 3rd period - Shot Blocked by Mavrik Bourque.
1:12 of 3rd period - Slapshot by Jordan Gross.
1:12 of 3rd period - Shot Blocked by Jimmy Schuldt.
1:24 of 3rd period - Snap shot by Axel Jonsson-Fjallby.
1:24 of 3rd period - Shot Misses the Net.
1:28 of 3rd period - Wrist shot by Axel Jonsson-Fjallby.
1:28 of 3rd period - Shot Misses the Net.
1:30 of 3rd period - Snap shot by Axel Jonsson-Fjallby.
1:30 of 3rd period - Shot Misses the Net.
1:32 of 3rd period - Slapshot by Nils Lundkvist.
1:32 of 3rd period - Deflect By Jamieson Rees.
1:32 of 3rd period - Shot Misses the Net.
1:32 of 3rd period - Puck is out of play.
1:33 of 3rd period - Andrew Agozzino wins face-off versus Ryan Suzuki in Lake Erie Monsters zone.
1:38 of 3rd period - Wrist shot by Andrew Agozzino.
1:38 of 3rd period - Stopped by Daniil Tarasov with a rebound.
1:44 of 3rd period - Slapshot by Gabriel Dumont.
1:44 of 3rd period - Stopped by Michael Hutchinson without a rebound.
1:45 of 3rd period - Andrew Agozzino wins face-off versus Ryan Suzuki in Milwaukee Admirals zone.
1:59 of 3rd period - Icing by Martin Kaut.
2:00 of 3rd period - Martin Kaut wins face-off versus Mavrik Bourque in Milwaukee Admirals zone.
2:04 of 3rd period - Tyler Tucker is hit by Nils Lundkvist.
2:26 of 3rd period - Ethen Frank is hit by Scott Sabourin and loses puck.
2:45 of 3rd period - Slapshot by Nils Lundkvist.
2:45 of 3rd period - Stopped by Daniil Tarasov without a rebound.
2:46 of 3rd period - Jamieson Rees wins face-off versus Oskar Steen in Lake Erie Monsters zone.
2:49 of 3rd period - Wrist shot by Axel Jonsson-Fjallby.
2:49 of 3rd period - Shot Misses the Net.
2:51 of 3rd period - Slapshot by Axel Jonsson-Fjallby.
2:51 of 3rd period - Stopped by Daniil Tarasov without a rebound.
2:52 of 3rd period - Ryan Suzuki wins face-off versus Andrew Agozzino in Lake Erie Monsters zone.
3:49 of 3rd period - Wrist shot by Oskar Steen.
3:49 of 3rd period - Shot Misses the Net.
4:18 of 3rd period - Snap shot by Joseph Gambardella.
4:18 of 3rd period - Shot Misses the Net.
4:38 of 3rd period - 10 Minutes Misconduct Penalty to Henri Nikkanen is over.
4:45 of 3rd period - Jamieson Rees is hit by Turner Elson and loses puck.
5:04 of 3rd period - Brandon Biro is hit by Tyler Sikura and loses puck.
5:24 of 3rd period - Icing by Scott Sabourin.
5:25 of 3rd period - Tristen Robins wins face-off versus Turner Elson in Milwaukee Admirals zone.
5:25 of 3rd period - Tristen Robins is hit by Turner Elson.
5:38 of 3rd period - Snap shot by Tristen Robins.
5:38 of 3rd period - Stopped by Daniil Tarasov without a rebound.
5:39 of 3rd period - Ryan Suzuki wins face-off versus Andrew Agozzino in Lake Erie Monsters zone.
5:39 of 3rd period - Ryan Suzuki is hit by Nils Lundkvist.
5:53 of 3rd period - Wrist shot by Brandon Biro.
5:53 of 3rd period - Shot Blocked by Tyler Tucker.
5:55 of 3rd period - Wrist shot by Brandon Biro.
5:55 of 3rd period - Stopped by Daniil Tarasov without a rebound.
5:56 of 3rd period - Tristen Robins wins face-off versus Mavrik Bourque in Lake Erie Monsters zone.
5:59 of 3rd period - Wrist shot by Joseph Gambardella.
5:59 of 3rd period - Stopped by Daniil Tarasov with a rebound.
6:11 of 3rd period - Wrist shot by Joseph Gambardella.
6:11 of 3rd period - Shot Misses the Net.
6:22 of 3rd period - Minor Penalty to Scott Sabourin for Roughing.
6:23 of 3rd period - Ethen Frank wins face-off versus Andrew Agozzino in Milwaukee Admirals zone.
6:32 of 3rd period - Snap shot by Ethen Frank.
6:32 of 3rd period - Shot Hit the Post.
6:34 of 3rd period - Snap shot by Thomas Harley.
6:34 of 3rd period - Shot Misses the Net.
6:36 of 3rd period - Snap shot by Ethen Frank.
6:36 of 3rd period - Shot Blocked by Connor Mackey.
6:38 of 3rd period - Snap shot by Ethen Frank.
6:38 of 3rd period - Stopped by Michael Hutchinson with a rebound.
7:08 of 3rd period - Slapshot by Ethen Frank.
7:08 of 3rd period - Deflect By Mavrik Bourque.
7:08 of 3rd period - Shot Misses the Net.
7:08 of 3rd period - Puck is out of play.
7:09 of 3rd period - Martin Kaut wins face-off versus Mavrik Bourque in Milwaukee Admirals zone.
7:36 of 3rd period - Wrist shot by Ryan Suzuki.
7:36 of 3rd period - Stopped by Michael Hutchinson with a rebound.
7:40 of 3rd period - Snap shot by Tyler Sikura.
7:40 of 3rd period - Goal by Tyler Sikura - Milwaukee Admirals : 1 - Lake Erie Monsters : 5.
7:41 of 3rd period - Ryan Suzuki wins face-off versus Andrew Agozzino in neutral zone.
7:41 of 3rd period - Connor Mackey beats up Thomas Harley.
7:41 of 3rd period - Penalty to Thomas Harley for Fighting.
7:41 of 3rd period - Penalty to Connor Mackey for Fighting.
7:42 of 3rd period - Andrew Agozzino wins face-off versus Ryan Suzuki in neutral zone.
7:57 of 3rd period - Slapshot by Martin Kaut.
7:57 of 3rd period - Shot Misses the Net.
8:09 of 3rd period - Scott Sabourin is hit by Turner Elson and loses puck.
8:28 of 3rd period - Backhand shot by Jamieson Rees.
8:28 of 3rd period - Shot Blocked by Ronan Seeley.
9:56 of 3rd period - Nils Lundkvist is hit by Tyler Tucker and loses puck.
10:11 of 3rd period - Wrist shot by Joseph Gambardella.
10:11 of 3rd period - Stopped by Daniil Tarasov without a rebound.
10:12 of 3rd period - Blake Murray wins face-off versus Tristen Robins in Lake Erie Monsters zone.
10:19 of 3rd period - Snap shot by Blake Murray.
10:19 of 3rd period - Stopped by Michael Hutchinson with a rebound.
10:57 of 3rd period - Joe Hicketts is hit by Martin Kaut and loses puck.
11:06 of 3rd period - Wrist shot by Mavrik Bourque.
11:06 of 3rd period - Stopped by Michael Hutchinson without a rebound.
11:07 of 3rd period - Tristen Robins wins face-off versus Oskar Steen in Milwaukee Admirals zone.
11:12 of 3rd period - Slapshot by Steven Kampfer.
11:12 of 3rd period - Stopped by Daniil Tarasov without a rebound.
11:13 of 3rd period - Oskar Steen wins face-off versus Tristen Robins in Lake Erie Monsters zone.
11:20 of 3rd period - Jordan Gross is hit by Kyle Rau and loses puck.
11:28 of 3rd period - Snap shot by Tristen Robins.
11:28 of 3rd period - Stopped by Daniil Tarasov with a rebound.
12:25 of 3rd period - Wrist shot by Blake Murray.
12:25 of 3rd period - Shot Hit the Post.
13:21 of 3rd period - Oskar Steen is hit by Scott Sabourin and loses puck.
14:14 of 3rd period - Matthew Robertson is hit by Martin Kaut and loses puck.
14:29 of 3rd period - Snap shot by Ryan Suzuki.
14:29 of 3rd period - Stopped by Michael Hutchinson with a rebound.
14:31 of 3rd period - Wrist shot by Kyle Rau.
14:31 of 3rd period - Shot Blocked by Steven Kampfer.
14:41 of 3rd period - Wrist shot by Tyler Sikura.
14:41 of 3rd period - Shot Misses the Net.
14:43 of 3rd period - Wrist shot by Brandon Baddock.
14:43 of 3rd period - Stopped by Michael Hutchinson without a rebound.
14:44 of 3rd period - Scott Sabourin wins face-off versus Blake Murray in Milwaukee Admirals zone.
15:14 of 3rd period - Wrist shot by Gabriel Dumont.
15:14 of 3rd period - Shot Blocked by Martin Kaut.
15:50 of 3rd period - Tyler Tucker beats up Tristen Robins.
15:50 of 3rd period - Penalty to Tyler Tucker for Fighting.
15:50 of 3rd period - Penalty to Tristen Robins for Fighting.
15:51 of 3rd period - Ryan Suzuki wins face-off versus Andrew Agozzino in Lake Erie Monsters zone.
15:56 of 3rd period - Joe Hicketts is hit by Martin Kaut and loses puck.
16:02 of 3rd period - Gabriel Dumont and Connor Mackey fight to a draw.
16:02 of 3rd period - Penalty to Gabriel Dumont for Fighting.
16:02 of 3rd period - Penalty to Connor Mackey for Fighting.
16:02 of 3rd period - Penalty to Connor Mackey for instigated a fight.
16:02 of 3rd period - Penalty to Connor Mackey for instigated and being the aggresor in a fight.
16:02 of 3rd period - Connor Mackey is ejected from game.
16:03 of 3rd period - Mavrik Bourque wins face-off versus Andrew Agozzino in Lake Erie Monsters zone.
16:18 of 3rd period - Snap shot by Thomas Harley.
16:18 of 3rd period - Shot Blocked by Nils Lundkvist.
16:36 of 3rd period - Slapshot by Jamieson Rees.
16:36 of 3rd period - Stopped by Daniil Tarasov with a rebound.
16:44 of 3rd period - Wrist shot by Jamieson Rees.
16:44 of 3rd period - Stopped by Daniil Tarasov without a rebound.
16:45 of 3rd period - Andrew Agozzino wins face-off versus Mavrik Bourque in Lake Erie Monsters zone.
16:52 of 3rd period - Wrist shot by Andrew Agozzino.
16:52 of 3rd period - Goal by Andrew Agozzino - Milwaukee Admirals : 2 - Lake Erie Monsters : 5.
16:53 of 3rd period - Andrew Agozzino wins face-off versus Mavrik Bourque in neutral zone.
17:00 of 3rd period - Slapshot by Andrew Agozzino.
17:00 of 3rd period - Goal by Andrew Agozzino - Milwaukee Admirals : 3 - Lake Erie Monsters : 5.
17:01 of 3rd period - Will Bitten wins face-off versus Andrew Agozzino in neutral zone.
17:03 of 3rd period - Off-side.
17:04 of 3rd period - Mavrik Bourque wins face-off versus Andrew Agozzino in neutral zone.
17:19 of 3rd period - Wrist shot by Martin Kaut.
17:19 of 3rd period - Stopped by Daniil Tarasov with a rebound.
17:39 of 3rd period - Martin Kaut is hit by Tyler Sikura and loses puck.
18:02 of 3rd period - Penalty to Connor Mackey is over, Martin Kaut is send on ice.
Goals for this period are 2 for Milwaukee Admirals vs 1 for Lake Erie Monsters.
Shots for this period are 18 for Milwaukee Admirals vs 10 for Lake Erie Monsters.




Output by the SimonT Hockey Simulator (STHS) for Eric Tremblay - Original Page W3C HTML5 Valid
Hockey Simulator - Hockey Simulation - Hockey Manager